 Dungeon Crawl Stone Soup version 0.31.0-9-g3a7656b989 (webtiles) character file.

Game seed: 4284500099700383818

209801 James the Brawler (level 18, -18/174 HPs)
             Began as an Octopode Shapeshifter on Jan 28, 2024.
             Was an Initiate of Gozag.
             Killed from afar by Nikola (79 damage)
             ... with an arc of chain lightning
             ... on level 2 of the Shoals.
             The game lasted 02:28:44 (38140 turns).

James the Brawler (Octopode Shapeshifter)          Turns: 38140, Time: 02:28:44

Health: -18/174    AC: 31    Str: 26    XL:     18   Next: 83%
Magic:  9/9        EV: 29    Int: 20    God:    Gozag
Gold:   4504       SH: 14    Dex: 17    Spells: 17/17 levels left

rFire   + .          .
                       - Unarmed
rCold   . . .        Z - +0 kite shield of Recklessness {Int+6}
rNeg    + . .        u - +0 mask of the Dragon {Will+ Slay+3 SInv}
rPois   ∞            g - amulet of regeneration
rElec   +            N - +6 ring of dexterity
rCorr   .            h - +4 ring of protection
SInv    +            w - +6 ring of strength
Will    ++++.        (no ring)
Stlth   +++++        J - ring of flight
HPRegen 1.29/turn    c - ring of the Hare {EV+10}
MPRegen 0.11/turn    o - ring of protection from cold
                     G - ring "Tumemob" {Fire Will++ MP-9 Stlth+}

%: no passive effects
@: mighty, statue-form, flying, hasted, studying Dodging, quick
A: slow and powerful, torment resistance 1, boosted hp, almost no armour,
amphibious, 8 rings, camouflage 1, (gelatinous body 1), (nimble swimmer 1),
tentacles
}: 1/15 runes: gossamer
a: Begin Untransformation, Renounce Religion, Potion Petition, Call Merchant,
Bribe Branch


You were on level 2 of the Shoals.
You worshipped Gozag.
Gozag was most pleased with you.
You were a living statue of rough stone.
You visited 6 branches of the dungeon, and saw 29 of its levels.
You also visited: Gauntlet.

You collected 11473 gold pieces.
You spent 3764 gold pieces at shops.
You paid 3205 gold pieces to Gozag.

Inventory:

Hand Weapons
 b - a +1 sling of flaming
   (You found it on level 2 of the Dungeon)
 D - a +5 trident of freezing
   (You took it off a gnoll sergeant on level 5 of the Dungeon)
Missiles
 e - 21 poisoned darts
 t - 3 silver javelins
 z - 12 javelins (quivered)
 B - 3 throwing nets {!f}
 W - 6 curare-tipped darts {!f}
Armour
 u - the +0 mask of the Dragon (worn) {Will+ Slay+3 SInv}
   (You bought it in a shop on level 2 of the Lair of Beasts)

   Slay+3:    It affects your accuracy & damage with ranged weapons and melee
   (+3).
   Will+:     It increases your willpower.
   SInv:      It lets you see invisible.
 Z - the +0 kite shield of Recklessness (worn) {Int+6}
   (You found it on level 13 of the Dungeon)

   Int+6:     It affects your intelligence (+6).
Magical Staves
 I - a staff of cold
   (You found it in a Gauntlet)
 M - the staff of the Bruised Beds {rF+ Int+5 Fire}
   (You found it on level 5 of the Lair of Beasts)

   [staff of fire]

   Base accuracy: +5 Base damage: 5 Base attack delay: 1.2 This weapon's minimum
   attack delay (0.6) is reached at skill level 12.
   Int+5:     It affects your intelligence (+5).
   rF+:       It protects you from fire.
   Fire:      It increases the power of your Fire spells.
   It falls into the 'Staves' category.
   It is a one-tentacled weapon.
Jewellery
 c - the ring of the Hare (on tentacle) {EV+10}
   (You found it in a Gauntlet)

   [ring of evasion]

   EV+10:     It affects your evasion (+10).
 d - a +5 ring of evasion
   (You found it on level 5 of the Lair of Beasts)
 g - an amulet of regeneration (around mantle)
   (You took it off a gnoll on level 4 of the Dungeon)
 h - a +4 ring of protection (right tentacle)
   (You found it on level 1 of the Dungeon)
 i - a ring of protection from fire
   (You acquired it on level 15 of the Dungeon)
 k - a ring of the Octopus King {HP+2 AC+2 EV+2 SH+2 SInv}
   (You found it on level 2 of the Shoals)

   [ring of see invisible]

   AC+2:      It affects your AC (+2).
   EV+2:      It affects your evasion (+2).
   HP+2:      It affects your health (+2).
   SInv:      It lets you see invisible.
   SH+2:      It affects your SH (+2).
 o - a ring of protection from cold (on tentacle)
   (You bought it in a shop on level 11 of the Dungeon)
 w - a +6 ring of strength (on tentacle)
   (You found it on level 3 of the Dungeon)
 G - the ring "Tumemob" (on tentacle) {Fire Will++ MP-9 Stlth+}
   (You found it on level 13 of the Dungeon)

   [ring of fire]

   Fire:      It enhances your fire magic.
   rF+:       It protects you from fire.
   rC-:       It makes you vulnerable to cold.
   Will++:    It greatly increases your willpower.
   MP-9:      It affects your magic capacity (-9).
   Stlth+:    It makes you more stealthy.
 J - a ring of flight (on tentacle)
   (You found it on level 5 of the Dungeon)
 L - a ring of resist corrosion
   (You took it off a centaur warrior on level 13 of the Dungeon)
 N - a +6 ring of dexterity (left tentacle)
   (You found it on level 14 of the Dungeon)
 O - a ring of positive energy
   (You found it on level 7 of the Dungeon)
 T - the ring "Valub" {Fire rElec Will- rCorr Dex+5}
   (You found it on level 3 of the Dungeon)

   [ring of fire]

   Fire:      It enhances your fire magic.
   Dex+5:     It affects your dexterity (+5).
   rF+:       It protects you from fire.
   rC-:       It makes you vulnerable to cold.
   rElec:     It insulates you from electricity.
   Will-:     It decreases your willpower.
   rCorr:     It protects you from acid and corrosion.
Talismans
 f - a granite talisman (active)
   (You bought it in a shop on level 11 of the Dungeon)
Wands
 v - a wand of digging (20)
   (You found it on level 10 of the Dungeon)
 C - a wand of quicksilver (6)
   (You found it on level 4 of the Spider Nest)
 P - a wand of polymorph (36)
   (You found it on level 8 of the Dungeon)
 R - a wand of roots (17)
   (You found it on level 8 of the Dungeon)
 X - a wand of charming (26)
   (You found it on level 2 of the Lair of Beasts)
Scrolls
 q - a scroll of revelation
 r - 2 scrolls of silence
 x - 3 scrolls of vulnerability {!r}
 H - 5 scrolls of enchant armour
 K - a scroll of fog
 Q - 2 scrolls of fear
 U - a scroll of blinking
 V - 7 scrolls of teleportation {@r4}
 Y - 2 scrolls of immolation {!r}
Potions
 a - a potion of berserk rage
 j - 9 potions of heal wounds {@q2}
 l - 15 potions of ambrosia
 m - 7 potions of haste {@q3}
 n - 2 potions of enlightenment
 p - 2 potions of cancellation
 s - 7 potions of mutation {!q}
 y - 2 potions of invisibility
 A - 7 potions of might
 E - 9 potions of curing {@q1}
 F - a potion of magic
 S - 3 potions of resistance


   Skills:
 - Level 15.0 Fighting
 + Level 12.7 Dodging
 - Level 5.0 Stealth
 - Level 15.0 Shields
 - Level 20.0 Unarmed Combat
 - Level 16.0 Shapeshifting


You had 17 spell levels left.
You didn't know any spells.
Your spell library contained the following spells:

 Spells                   Type           Power      Damage    Failure   Level
 Apportation              Tloc           0%         N/A       26%         1
 Foxfire                  Conj/Fire      0%         2x1d4     26%         1
 Freeze                   Ice            0%         1d3       26%         1
 Magic Dart               Conj           0%         1d3       26%         1
 Necrotise                Necr           0%         1d4       26%         1
 Shock                    Conj/Air       0%         1d3       26%         1
 Sting                    Conj/Alch      0%         1d3       26%         1
 Blink                    Tloc           0%         N/A       38%         2
 Call Imp                 Summ           0%         N/A       38%         2
 Cigotuvi's Dreadful Rot  Necr/Alch/Air  0%         N/A       38%         2
 Ensorcelled Hibernation  Hex/Ice        0%         N/A       38%         2
 Jinxbite                 Hex            0%         N/A       38%         2
 Mercury Vapours          Alch/Air       0%         N/A       38%         2
 Static Discharge         Conj/Air       0%         3-3/arc   38%         2
 Frozen Ramparts          Ice            0%         1d1       63%         3
 Fugue of the Fallen      Necr           0%         N/A       63%         3
 Inner Flame              Hex/Fire       0%         N/A       63%         3
 Swiftness                Air            0%         N/A       63%         3
 Tukima's Dance           Hex            0%         N/A       63%         3
 Airstrike                Air            0%         2d(0-16)  95%         4
 Anguish                  Hex/Necr       0%         N/A       95%         4
 Brom's Barrelling Bould  Conj/Erth      0%         2d3       95%         4
 Flame Wave               Conj/Fire      0%         2d4       95%         4
 Ignite Poison            Fire/Alch      0%         N/A       95%         4
 Leda's Liquefaction      Alch/Erth      0%         N/A       95%         4
 Manifold Assault         Tloc           0%         N/A       95%         4
 Olgreb's Toxic Radiance  Alch           0%         N/A       95%         4
 Passage of Golubria      Tloc           0%         N/A       95%         4
 Petrify                  Alch/Erth      0%         N/A       95%         4
 Sticky Flame             Fire/Alch      0%         2d4       95%         4
 Summon Blazeheart Golem  Fire/Summ      0%         N/A       95%         4
 Alistair's Intoxication  Alch           0%         N/A       100%        5
 Fireball                 Conj/Fire      0%         3d3       100%        5
 Freezing Cloud           Conj/Ice/Air   0%         6-21      100%        5
 Iskenderun's Battlesphe  Conj           0%         2d6       100%        5
 Metabolic Englaciation   Hex/Ice        0%         N/A       100%        5
 Silence                  Hex/Air        0%         N/A       100%        5
 Yara's Violent Unravell  Hex/Alch       0%         3d3       100%        5
 Conjure Ball Lightning   Conj/Air       0%         3x3d6     100%        6
 Dispersal                Tloc           0%         N/A       100%        6
 Plasma Beam              Fire/Air       0%         2x1d10    100%        6
 Starburst                Conj/Fire      0%         6d3       100%        6
 Enfeeble                 Hex            0%         N/A       100%        7
 Haunt                    Necr/Summ      0%         N/A       100%        7
 Orb of Destruction       Conj           0%         9d5       100%        7
 Spellforged Servitor     Conj/Summ      0%         N/A       100%        7
 Borgnjor's Revivificati  Necr           0%         N/A       100%        8
 Disjunction              Tloc           0%         N/A       100%        8
 Infestation              Necr           0%         N/A       100%        8
 Lehudib's Crystal Spear  Conj/Erth      0%         10d2      100%        8
 Death's Door             Necr           0%         N/A       100%        9
 Animate Dead             Necr           Unusable   N/A       N/A         4

Dungeon Overview and Level Annotations

Branches:
Dungeon (15/15)            Temple (1/1) D:6            Lair (5/5) D:11
 Shoals (2/4) Lair:2       Spider (4/4) Lair:3        Slime (0/5) Lair:5
    Orc (2/2) D:10            Elf (0/3) Orc:2        Vaults (0/5) D:14
 Depths (0/4) D:15        Gauntlet (visited)

Altars:
Ashenzari
Cheibriados
Dithmenos
Elyvilon
Fedhas
Gozag
Hepliaklqana
Kikubaaqudgha
Makhleb
Nemelex Xobeh
Okawaru
Qazlal
Ru
Sif Muna
Trog
Uskayaw
Vehumet
Wu Jian
Xom
Yredelemnul
Zin
The Shining One
Jiyva

Shops:
D:1 !   D:8 *   D:11 =!   D:15 (   Orc:2 *:?(   Lair:1 *   Lair:2 [:
Shoals:1 =   Shoals:2 ([(!

Annotations:
D:1 1 exclusion
Lair:5 1 runed translucent door
Shoals:2 Nikola


Innate Abilities, Weirdness & Mutations

You are a living statue of rough stone.
Your actions are slow, but your melee attacks are powerful.
You are resistant to unholy torment.
Your maximum health is greatly increased.
You cannot wear most types of armour.
You are amphibious.
You can wear up to eight rings at the same time.
You are immune to poison.
Your skin changes colour to match your surroundings (Stealth+).
((Your rubbery body absorbs attacks. (AC +1, EV +1)))
((You are camouflaged when in or above water. (Stealth+)))
You have tentacles for arms and can constrict up to eight enemies at once.


Message History

Nikola says, "You don't look like a good insulator."
The water nymph's watery aura covers Qofiuf's Distillery.
Nikola mumbles, "Hm, I wonder if you're conductive."
The water nymph's watery aura covers the fountain of clear blue water.
The water nymph shouts!
Nikola mumbles some strange words.
Nikola blinks!
You block the water nymph's attack.
You thrash the water nymph!!!
You kill the water nymph!
You see here 7 gold pieces.
Nikola gestures wildly while chanting.
Lightning arcs from Nikola's hands!
The bolt of lightning hits you!!! You resist.
A bolt of lightning appears from out of thin air!
The bolt of lightning hits Nikola!
You tentacle-slap Nikola. Your grab misses Nikola. You tentacle-slap Nikola.
Your squeeze misses Nikola.
Nikola mumbles some strange words.
Lightning arcs from Nikola's hands!
The bolt of lightning hits you!!! You resist.
* * * LOW HITPOINT WARNING * * *
A bolt of lightning appears from out of thin air!
The bolt of lightning hits Nikola.
Unknown command.
Okay, then.
Press: ? - help, Shift-Dir - straight line, f - Nikola
Aim: Nikola, wielding a +2 rapier of electrocution, wearing a +1 cloak and wearing a +0 pair of gloves (lightly wounded, will become an iron giant, a fire giant, or a shadow dragon, chance to affect: 0%)
Okay, then.
Unknown command.
Unknown command.
Press: ? - help, v - describe, . - travel
Here: Nikola, wielding a +2 rapier of electrocution, wearing a +1 cloak and wearing a +0 pair of gloves (lightly wounded)
The floor.
Okay, then.
Okay, then.
Unknown command.
Press: ? - help, v - describe, . - travel
Here: Nikola, wielding a +2 rapier of electrocution, wearing a +1 cloak and wearing a +0 pair of gloves (lightly wounded)
The floor.
Nikola hits you with a +2 rapier of electrocution!
* * * LOW HITPOINT WARNING * * *
Nikola completely misses you.
You feel yourself speed up. Nikola misses you.
You feel very mighty all of a sudden.
Nikola mumbles some strange words.
Lightning arcs from Nikola's hands!
The bolt of lightning hits you!!!! You resist.
You die...
Your body crumbles into a pile of gold.

<...~≈≈≈≈≈≈≈≈~~...........P~~~~~≈
.P..~≈≈≈≈≈≈≈≈≈~...........~~~~~~≈
8...~≈≈≈≈≈≈≈≈≈~...........~~~~~~~
...~~≈≈≈≈≈≈≈≈~~~...........~~.~~~
..~~~≈≈≈≈≈≈≈≈~~~...........~~~~~≈
P.~~≈≈≈≈≈≈≈≈~~~~..........~~~~≈≈≈
.~P~≈≈≈≈≈≈≈~~~~##.....##...~~~~≈≈
PPP≈≈≈≈≈≈≈≈~~~~#.@≈≈≈..#..~~~~≈≈≈
P~≈≈≈≈≈≈≈≈≈~~~~#8≈≈≈≈≈.#..~~~≈≈≈≈
≈≈≈≈≈≈≈≈≈≈~~~~~#.≈≈≈≈≈.#..~~≈≈≈≈≈
≈≈≈≈≈≈≈≈~~~~~~~#.≈≈≈≈≈.#..~~≈≈≈≈≈
≈≈≈≈≈≈≈≈~~~~~~~#.)≈≈$..#~~~~≈≈≈≈≈
≈≈≈≈≈≈≈≈~~~~~~~#⌠..∩..⌠#~~≈≈≈≈≈≈≈
~P≈≈≈≈≈≈≈≈~~~~~#########~≈≈≈≈≈≈≈≈
~~~≈≈≈≈≈~~~~..~~~~~≈≈~~~≈≈≈≈≈≈≈≈≈
~~~≈≈≈≈≈~~~~~..~~~~≈≈~~~≈≈≈≈≈≈≈≈≈
~~~≈~~~~~~~≈~~~~~~~≈≈~~~≈≈≈≈≈≈≈≈≈


You could see Nikola.

Vanquished Creatures
  Arachne (Spider:3)
  Frances (Shoals:2)
  Aizul (Shoals:2)
  Kirke (Lair:3)
  Roxanne (Spider:4)
  4 emperor scorpions (Spider:4)
  3 ghost moths (Spider:4)
  A broodmother (Spider:2)
  Nessos (D:12)
  3 spark wasps
  2 minotaurs
  The ghost of Vipnutah the Slicer, a journeyman VSNe of Gozag (Lair:5)
  4 merfolk impalers
  The ghost of wheals the Abyss-Baptised, a journeyman AtHW of Lugonu (Lair:2)
  Josephine (D:15)
  A merfolk javelineer (Shoals:2)
  The ghost of temujin the Thaumaturge, a journeyman DjCj of Hepliaklqana (D:11)
  2 entropy weavers (Spider:3)
  4 rakshasas
  A great orb of eyes (D:15)
  Harold (D:10)
  Erolcha (Orc:1)
  3 ogre magi
  4 vault guards (D:14)
  8 hydras
  5 catoblepae
  2 radroaches
  2 merfolk avatars
  6 centaur warriors
  9 boulder beetles
  A merfolk aquamancer (Shoals:1)
  17 two-headed ogres
  5 tengu warriors
  7 demonic crawlers
  A hell hog (Lair:5)
  19 death yaks
  Nergalle (Lair:2)
  5 skeletal warriors
  Sonja (D:10)
  10 pharaoh ants
  6 skysharks
  A sea snake (Shoals:1)
  10 orb spiders
  An arcanist (D:13)
  2 deep trolls
  8 steelbarb worms
  2 lindwurms (Lair:5)
  2 deep elf pyromancers
  2 orc knights
  14 wolf spiders
  3 fauns (Shoals:1)
  12 ugly things
  11 manticores
  An orc sorcerer (Orc:1)
  A moth of wrath (shapeshifter) (D:15)
  17 cyclopes
  Maurice (D:12)
  3 moths of wrath
  7 meliai
  11 elephants
  6 black mambas
  A kobold blastminer (Orc:2)
  3 merfolk sirens
  14 cane toads
  A gargoyle (D:13)
  2 water nymphs
  An unseen horror (shapeshifter) (D:14)
  6 torpor snails
  An efreet (D:13)
  8 komodo dragons
  An unseen horror (D:12)
  4 rime drakes
  A yaktaur (D:11)
  5 tengu conjurers
  An ice devil (Gauntlet)
  7 merfolk
  11 polar bears
  A queen bee (Lair:4)
  15 trolls
  7 hornets
  A raiju (Lair:5)
  18 tarantellas
  14 blink frogs
  5 dream sheep
  20 culicivoras
  19 jumping spiders
  24 slime creatures
  4 water elementals (Shoals:1)
  3 wyverns
  8 wraiths
  3 shadows
  2 vampires
  48 yaks
  A vampire mosquito (D:14)
  2 steam dragons
  Grum (D:5)
  53 redbacks
  8 basilisks
  9 wargs
  A hog (Lair:3)
  4 acid dragons
  An acid dragon (shapeshifter) (D:14)
  A water moccasin (shapeshifter) (D:13)
  16 water moccasins
  14 hell hounds (Lair:5)
  12 black bears
  A sky beast (D:8)
  5 laughing skulls
  11 orc warriors
  23 ogres
  A boggart (D:14)
  9 centaurs
  39 wolves
  2 phantoms
  2 kobold brigands (D:7)
  5 bullfrogs
  6 gnoll sergeants
  5 scorpions
  16 wights
  2 jellies
  25 killer bees
  5 howler monkeys
  A lava snake (D:14)
  13 orc priests
  A bombardier beetle (D:5)
  11 hounds
  3 sleepcaps
  2 gnoll boudas
  2 iguanas
  16 orc wizards
  A killer bee zombie (D:6)
  A howler monkey zombie (D:6)
  44 gnolls
  4 adders
  2 shadow imps
  7 white imps
  A howler monkey simulacrum (D:9)
  2 ribbon worms (Lair:3)
  94 orcs
  3 ball pythons
  8 endoplasms
  A giant cockroach (Lair:3)
  13 goblins
  6 hobgoblins
  18 jackals
  A quokka (D:2)
  2 bats (D:1)
  4 frilled lizards
  15 kobolds
  6 rats
1085 creatures vanquished.

Vanquished Creatures (others)
  2 humans (Lair:3)
  An orc (Orc:2)
3 creatures vanquished.

Grand Total: 1088 creatures vanquished

Notes
Turn   | Place    | Note
-------+----------+-------------------------------------------
     0 | D:1      | James the Octopode Shapeshifter began the quest for the
                  | Orb.
     0 | D:1      | Reached XP level 1. HP: 13/13 MP: 1/1
   203 | D:1      | Reached XP level 2. HP: 19/19 MP: 2/2
   492 | D:1      | Reached XP level 3. HP: 24/25 MP: 3/3
   577 | D:1      | Found Jongoelud's Distillery.
   947 | D:2      | Reached XP level 4. HP: 31/31 MP: 4/4
  1323 | D:2      | Reached skill level 4 in Unarmed Combat
  1772 | D:3      | Reached XP level 5. HP: 36/36 MP: 5/5
  1886 | D:3      | Identified the ring "Valub" {Fire rElec Will- rCorr Dex+5}
  2010 | D:3      | Reached skill level 5 in Unarmed Combat
  2224 | D:3      | Reached XP level 6. HP: 42/42 MP: 6/6
  2672 | D:3      | Reached XP level 7. HP: 47/48 MP: 7/7
  2675 | D:3      | Reached skill level 6 in Unarmed Combat
  2957 | D:3      | Found a stormy altar of Qazlal.
  2962 | D:3      | Found a white marble altar of Elyvilon.
  2965 | D:3      | Found a blossoming altar of Fedhas.
  3124 | D:3      | Reached skill level 5 in Shapeshifting
  3351 | D:3      | Found a stormy altar of Qazlal.
  3354 | D:3      | Found a blossoming altar of Fedhas.
  3357 | D:3      | Found a white marble altar of Elyvilon.
  4703 | D:4      | Reached skill level 7 in Unarmed Combat
  4703 | D:4      | Reached XP level 8. HP: 47/54 MP: 8/8
  4735 | D:4      | Found a shimmering altar of Xom.
  5052 | D:5      | Entered Level 5 of the Dungeon
  5375 | D:4      | Reached skill level 5 in Fighting
  5643 | D:5      | Reached skill level 8 in Unarmed Combat
  5750 | D:5      | Found a sparkling altar of Nemelex Xobeh.
  5834 | D:5      | Reached XP level 9. HP: 61/61 MP: 9/9
  5888 | D:5      | Noticed Grum
  5900 | D:5      | Killed Grum
  6411 | D:5      | Found a sparkling altar of Nemelex Xobeh.
  6681 | D:6      | Found an ancient bone altar of Kikubaaqudgha.
  6703 | D:6      | Found a staircase to the Ecumenical Temple.
  6712 | Temple   | Entered the Ecumenical Temple
  6797 | D:6      | Reached skill level 1 in Stealth
  6927 | D:6      | Found a basalt altar of Yredelemnul.
  7392 | D:7      | Noticed a troll
  7582 | D:7      | Killed a troll
  7892 | D:8      | Found a bloodstained altar of Trog.
  7917 | D:8      | Reached XP level 10. HP: 67/68 MP: 10/10
  7979 | D:8      | Found a hide-covered altar of Uskayaw.
  7981 | D:8      | Found an opulent altar of Gozag.
  7981 | D:8      | Found a broken altar of Ashenzari.
  7983 | D:8      | Found a glowing silver altar of Zin.
  7984 | D:8      | Found a glowing golden altar of the Shining One.
  7991 | D:8      | Became a worshipper of Gozag Ym Sagoz the Greedy
  8276 | D:8      | Reached skill level 10 in Shapeshifting
  8375 | D:8      | Noticed a two-headed ogre
  8382 | D:8      | Killed a two-headed ogre
  8439 | D:8      | Found Etovyewo's Assorted Antiques.
  8442 | D:8      | Bought a scroll labelled SYAZOP XOXKIA for 28 gold pieces
  8775 | D:8      | Noticed a two-headed ogre
  9943 | D:10     | Entered Level 10 of the Dungeon
  9979 | D:10     | Reached skill level 5 in Dodging
 10532 | D:10     | Noticed Harold
 10839 | D:10     | Reached skill level 9 in Unarmed Combat
 10850 | D:10     | Noticed Sonja
 10885 | D:10     | Reached XP level 11. HP: 53/78 MP: 11/11
 10886 | D:10     | Paralysed by a hornet for 3 turns
 10978 | D:10     | Found a staircase to the Orcish Mines.
 11548 | D:10     | Killed Harold
 11574 | D:10     | Killed Sonja
 11753 | D:11     | Noticed a manticore
 11759 | D:11     | Killed a manticore
 11760 | D:11     | Reached skill level 10 in Unarmed Combat
 11850 | D:11     | Found Bononwu's Distillery.
 11894 | D:11     | Bought a potion of heal wounds for 80 gold pieces
 11953 | D:11     | You are sucked into a shaft and drop 3 floors!
 11975 | D:14     | Noticed a rakshasa
 11998 | D:14     | Noticed a two-headed ogre
 11998 | D:14     | Noticed a two-headed ogre
 11998 | D:14     | Noticed a catoblepas
 12035 | D:14     | Killed a rakshasa
 12037 | D:14     | Noticed a four-headed hydra
 12045 | D:14     | Killed a catoblepas
 12046 | D:14     | Reached skill level 10 in Fighting
 12113 | D:14     | Noticed a cyclops
 12131 | D:13     | Noticed a cyclops
 12135 | D:13     | Killed a cyclops
 12144 | D:13     | Noticed a deep elf pyromancer
 12144 | D:13     | Noticed an arcanist
 12149 | D:13     | Killed an arcanist
 12153 | D:13     | Killed a deep elf pyromancer
 12432 | D:12     | Noticed a cyclops
 12641 | D:11     | Found a transporter.
 12642 | D:11     | Found a transporter.
 12843 | D:11     | Noticed temujin's ghost (journeyman DjCj)
 12845 | D:11     | Noticed a two-headed ogre
 12852 | D:11     | Noticed a cyclops
 13035 | D:8      | Killed a two-headed ogre
 13057 | D:8      | Identified a scroll of acquirement
 13241 | D:8      | Found Etovyewo's Assorted Antiques.
 13396 | D:8      | Found a bloodstained altar of Trog.
 13402 | D:8      | Found a hide-covered altar of Uskayaw.
 13408 | D:8      | Found an opulent altar of Gozag.
 13408 | D:8      | Found a broken altar of Ashenzari.
 13410 | D:8      | Found a glowing silver altar of Zin.
 13411 | D:8      | Found a glowing golden altar of the Shining One.
 13960 | D:10     | Reached XP level 12. HP: 90/90 MP: 12/12
 14336 | D:10     | Found a staircase to the Orcish Mines.
 14557 | D:10     | Acquired 492 gold pieces
 14732 | D:1      | Bought a potion of heal wounds for 50 gold pieces
 14732 | D:1      | Bought a potion of might for 40 gold pieces
 14732 | D:1      | Bought a potion of curing for 30 gold pieces
 14874 | D:11     | Bought a potion of heal wounds for 80 gold pieces
 14916 | D:11     | Found a staircase to the Lair.
 15273 | D:11     | Found a staircase to the Lair.
 15284 | D:11     | Found Bononwu's Distillery.
 15485 | D:11     | Found a transporter.
 15492 | D:11     | Found a transporter.
 15827 | Lair:1   | Entered Level 1 of the Lair of Beasts
 15857 | Lair:1   | Reached skill level 11 in Unarmed Combat
 16001 | Lair:1   | Reached skill level 5 in Stealth
 16370 | Lair:1   | Reached skill level 12 in Unarmed Combat
 17417 | Lair:2   | Reached XP level 13. HP: 84/97 MP: 13/13
 17456 | Lair:2   | Noticed Nergalle
 17476 | Lair:2   | Killed Nergalle
 17956 | Lair:2   | Found a runed translucent door.
 17956 | Lair:2   | Noticed wheals's ghost (journeyman AtHW)
 17988 | Lair:2   | Found a staircase to the Shoals.
 18413 | Lair:3   | Found a hole to the Spider Nest.
 18433 | Lair:3   | Reached skill level 13 in Unarmed Combat
 18583 | Lair:3   | Noticed Kirke
 19501 | Lair:3   | Killed Kirke
 20426 | Lair:3   | Found a hole to the Spider Nest.
 21505 | Lair:3   | Found a hole to the Spider Nest.
 21704 | Lair:3   | Reached XP level 14. HP: 86/106 MP: 14/14
 22075 | Lair:4   | Found a gate leading to a gauntlet.
 22093 | Gauntlet | Entered a Gauntlet
 22093 | Gauntlet | Found a transporter.
 22093 | Gauntlet | Found a transporter.
 22105 | Gauntlet | Found a transporter.
 22108 | Gauntlet | Found a transporter.
 22116 | Gauntlet | Found a transporter.
 22119 | Gauntlet | Found a transporter.
 22131 | Gauntlet | Found a transporter.
 22147 | Gauntlet | Found a transporter.
 22165 | Gauntlet | Found a transporter.
 22169 | Gauntlet | Found a transporter.
 22179 | Gauntlet | Found a transporter.
 22181 | Gauntlet | Found the ring of the Hare {EV+10}
 22195 | Gauntlet | Found a transporter.
 22549 | Gauntlet | Identified the +11 glaive "Dasos" {freeze, Int+3}
 22613 | Gauntlet | Got the Volume of the Vapourous Summer
 22616 | Gauntlet | Got the Vellum of the Niveous Crypt
 23156 | Lair:4   | Reached skill level 10 in Dodging
 23580 | Lair:5   | Entered Level 5 of the Lair of Beasts
 23594 | Lair:5   | Noticed Vipnutah's ghost (journeyman VSNe)
 23608 | Lair:5   | Found a runed translucent gate.
 23608 | Lair:5   | Found a runed translucent gate.
 23608 | Lair:5   | Found a runed translucent gate.
 23734 | Lair:5   | Found a runed translucent door.
 23734 | Lair:5   | Found a viscous altar of Jiyva.
 23735 | Lair:5   | Noticed an acid blob
 23735 | Lair:5   | Noticed an acid blob
 24339 | Lair:5   | Reached skill level 15 in Shapeshifting
 24537 | Lair:5   | Identified the -2 pair of gloves of Qagathri {rElec Str-3
                  | Int+3 Dex+4}
 24802 | Lair:5   | Reached XP level 15. HP: 112/112 MP: 15/15
 25479 | Lair:5   | Reached skill level 15 in Fighting
 25550 | Lair:5   | Identified the staff of the Bruised Beds {rF+ Int+5 Fire}
 25828 | Lair:5   | Noticed an acid blob
 25830 | Lair:5   | Noticed an acid blob
 25831 | Lair:5   | Found a staircase to the Slime Pits.
 26146 | D:1      | Bought a potion of might for 40 gold pieces
 26146 | D:1      | Bought a potion of might for 40 gold pieces
 26335 | Lair:1   | Bought a scroll of revelation for 217 gold pieces
 26382 | D:11     | Bought 2 potions of haste for 320 gold pieces
 26534 | D:12     | Noticed Nessos
 26684 | Orc:1    | Entered Level 1 of the Orcish Mines
 26751 | Orc:1    | Noticed Erolcha
 26813 | Orc:1    | Killed Erolcha
 27103 | Orc:2    | Entered Level 2 of the Orcish Mines
 27210 | Orc:1    | Reached skill level 14 in Unarmed Combat
 27286 | Orc:2    | Found Sutecs's Book Emporium.
 27286 | Orc:2    | Found Ilokivudo's General Store.
 27969 | Orc:2    | Found Fyras's Magic Scroll Boutique.
 28004 | Orc:2    | Bought a manual of Unarmed Combat for 960 gold pieces
 28006 | Orc:2    | Found Hach's Weapon Shoppe.
 28021 | Orc:2    | Found a burning altar of Makhleb.
 28043 | Orc:2    | Found a staircase to the Elven Halls.
 28337 | D:11     | Bought a granite talisman for 1020 gold pieces
 28344 | D:11     | Bought a ring of protection from cold for 425 gold pieces
 28426 | D:12     | Reached skill level 1 in Shields
 28775 | D:12     | Killed Nessos
 28901 | D:12     | Noticed Maurice
 28907 | D:12     | Reached XP level 16. HP: 122/122 MP: 16/16
 28927 | D:12     | Killed Maurice
 29129 | D:13     | Reached skill level 15 in Unarmed Combat
 29145 | D:13     | Identified the +10 glaive of Dishonesty {heavy, Dex+8}
 29186 | D:13     | Reached skill level 5 in Shields
 29240 | D:13     | Identified the +0 kite shield of Recklessness {Int+6}
 29262 | D:13     | Reached skill level 16 in Unarmed Combat
 29271 | D:13     | Identified the ring "Tumemob" {Fire Will++ MP-9 Stlth+}
 30126 | D:14     | Found a gate to the Vaults.
 30155 | D:14     | Reached skill level 17 in Unarmed Combat
 30723 | D:11     | Killed temujin's ghost
 30873 | Lair:2   | Killed wheals's ghost
 31031 | Lair:5   | Killed Vipnutah's ghost
 31036 | Lair:5   | Reached skill level 18 in Unarmed Combat
 31244 | D:15     | Entered Level 15 of the Dungeon
 31502 | D:15     | Found Sozoaser's Antique Weapon Shop.
 31554 | D:15     | Reached XP level 17. HP: 127/127 MP: 8/17
 31894 | D:15     | Found a white marble altar of Elyvilon.
 31962 | D:15     | Acquired a ring of protection from fire
 32037 | D:15     | Noticed Josephine
 32048 | D:15     | Killed Josephine
 32054 | D:15     | Reached skill level 19 in Unarmed Combat
 32136 | D:15     | Found a staircase to the Depths.
 32398 | Spider:1 | Entered Level 1 of the Spider Nest
 32448 | Spider:1 | Reached skill level 10 in Shields
 34545 | Spider:3 | Noticed Arachne
 34552 | Spider:3 | Killed Arachne
 34660 | Spider:3 | Reached XP level 18. HP: 134/134 MP: 9/18
 35287 | Spider:4 | Entered Level 4 of the Spider Nest
 35329 | Spider:4 | Noticed Roxanne
 35612 | Spider:4 | Reached skill level 20 in Unarmed Combat
 35823 | Spider:4 | Killed Roxanne
 36405 | Spider:4 | Got a gossamer rune of Zot
 36615 | Shoals:1 | Entered Level 1 of the Shoals
 36743 | Lair:2   | Bought the +0 mask of the Dragon {Will+ Slay+3 SInv} for
                  | 434 gold pieces
 36743 | Lair:2   | Found the +0 mask of the Dragon {Will+ Slay+3 SInv}
 36843 | Shoals:1 | Reached skill level 15 in Shields
 37117 | Shoals:1 | Found Zadamu's Jewellery Emporium.
 37467 | Shoals:2 | Noticed Frances
 37467 | Shoals:2 | Found Miruulou's Armour Shop.
 37474 | Shoals:2 | Killed Frances
 37614 | Shoals:2 | Found Jiviazyi's Weapon Boutique.
 37688 | Shoals:2 | Found the ring of the Octopus King
 37715 | Shoals:2 | Identified a ring of the Octopus King {HP+2 AC+2 EV+2 SH+2
                  | SInv}
 37832 | Shoals:2 | Identified the serpent talisman "Tidakh" {rN+}
 37832 | Shoals:2 | Noticed Aizul
 37842 | Shoals:2 | Killed Aizul
 37858 | Shoals:2 | Found Buosaajo's Weapon Shop.
 38126 | Shoals:2 | Found Qofiuf's Distillery.
 38126 | Shoals:2 | Noticed Nikola
 38140 | Shoals:2 | Killed from afar by Nikola

Illustrated notes

Levels and vault maps discovered:
D:1:      minmay_arrival_glassed_features, layout_loops_cross, serial_shops,
          shop, hangedman_decor_peaks_small
D:2:      layout_rooms, fountainhead, minmay_tetromino_t4
D:3:      lemuel_castle_with_subvaults [lemuel_castle_interior_carwin_2],
          layout_loops_cross, grunt_temple_overflow_open
D:4:      layout_basic, xom_teletrap_fun, chequers_avenue, nrook_mini_backslash,
          chequers_decorated_corner
D:5:      layout_cave_pools, mainiacjoe_overflow_alcove_4, serial_gnoll_camp,
          gnoll_camp_mini_house, gnoll_camp_mini_doghouse, gnoll_camp_mini_hut,
          grums_kennel, gnoll_camp_mini_hut, gnoll_camp_mini_doghouse
D:6:      layout_cave_pools, lemuel_zombie_altar_yredelemnul,
          nicolae_overflow_hidden_temple, minmay_temple_entry_sparse_star
D:7:      layout_loops_cross
D:8:      layout_basic, minitemple, serial_shops, kennysheep_mini_moat
D:9:      layout_basic, minmay_microvault
D:10:     layout_loops_corners, orc_0_dummy, kennysheep_generic_room_12,
          uniq_harold, uniq_sonja
D:11:     layout_loops_ring, lair_entry_dummy, nzn_ghost_randoct, serial_shops,
          shop
D:12:     layout_stronghold, uniq_nessos, uniq_maurice
D:13:     minmay_the_grid_square_5x5_3x3 [minmay_the_grid_square_5x5_n,
          minmay_the_grid_square_5x5_v, minmay_the_grid_square_5x5_six_small,
          minmay_the_grid_square_5x5_eight_small,
          minmay_the_grid_square_5x5_megaprize_crossed,
          minmay_the_grid_square_5x5_minibox, minmay_the_grid_square_5x5_mess,
          minmay_the_grid_square_5x5_fancy_junction,
          minmay_the_grid_square_5x5_forky], layout_long_grid,
          hangedman_decor_growths
D:14:     layout_rooms, lightli_vaults_fourway_checkpoint,
          corexii_hall_statues_i, kennysheep_diamond, kennysheep_generic_room_6
D:15:     gammafunk_enter_depths_forms, layout_stronghold, elyvilon_altar_1,
          serial_shops, nicolae_shop_back_alley_shop, serial_column_ruins,
          column_ruins_corridor_water, column_ruins_open_tiny,
          column_ruins_columns_straight, column_ruins_open_tiny,
          nicolae_figureground_pulse, uniq_josephine
Temple:   kb_temple_of_zot
Lair:1:   layout_cave_pods, st_stairs_6, serial_bayou_pond_d,
          columned_hall_lemuel, serial_bayou_crossing, uniq_grum
Lair:2:   layout_cellular_growth, minmay_shoals_entry_lonely_mermaid,
          gammafunk_ghost_grave, uniq_nergalle
Lair:3:   layout_long_grid, nicolae_spider_entry_non_spiders, uniq_kirke
Lair:4:   layout_roguey [special_room_bee], gauntlet_entry_generic,
          serial_bayou_pond_d, serial_bayou_lake_a
Lair:5:   hangedman_lair_in_review, layout_regular_city,
          hangedman_lair_caniforms_friends, slime_entry_2,
          maelrawn_ghost_gauntlet_escape
Shoals:1: layout_shoals, serial_shops, shop
Shoals:2: layout_shoals, serial_shops, shop_statue, nicolae_lakefront_shop,
          nicolae_shop_behind_doors, shop, nicolae_shoals_mertower, uniq_nikola,
          uniq_aizul, uniq_frances
Spider:1: layout_spider_delve
Spider:2: layout_cave_pods
Spider:3: layout_chambers, uniq_arachne
Spider:4: spider_rune_water, uniq_roxanne
Orc:1:    layout_diamond_mine, uniq_erolcha
Orc:2:    st_orc_open, layout_caves, basic_altar

Skill      XL: |  1  2  3  4  5  6  7  8  9 10 11 12 13 14 15 16 17 18 |
---------------+-------------------------------------------------------+-----
Fighting       | 2 3 4 5 6 8 11 12 13 15 | 15.0
Unarmed Combat | 4 5 7 8 9 10 12 13 14 18 19 20 | 20.0
Shapeshifting  | 4 5 6 9 10 11 12 15 16 | 16.0
Dodging        | 4 5 6 7 8 10 12 | 12.7
Stealth        | 2 5 |  5.0
Shields        | 2 8 12 15 | 15.0

Action                     |  1- 3 |  4- 6 |  7- 9 | 10-12 | 13-15 | 16-18 || total
---------------------------+-------+-------+-------+-------+-------+-------++-------
  Melee: Unarmed           |    57 |   131 |   264 |   360 |   974 |   795 ||  2581
         Constrict         |    12 |    37 |    77 |    48 |   188 |   136 ||   498
         Tentacles         |    12 |    31 |    60 |    70 |    35 |   178 ||   386
         Punch             |       |     3 |    15 |    23 |    17 |   110 ||   168
   Fire: Sling             |       |       |       |       |       |     4 ||     4
 Invoke: Call Merchant     |       |       |       |     1 |     1 |     2 ||     4
  Evoke: Wand              |       |       |     1 |     9 |     2 |       ||    12
    Use: Scroll            |       |       |    21 |     7 |     3 |     3 ||    34
         Potion            |       |       |       |     4 |     3 |     2 ||     9
   Stab: Sleeping          |     9 |     4 |     7 |    11 |     4 |    41 ||    76
         Distracted        |       |       |       |     2 |     5 |    16 ||    23
         Petrified         |       |       |       |       |     2 |       ||     2
         Petrifying        |       |       |       |       |     1 |       ||     1
 Armour: Skin              |    17 |    55 |   129 |   174 |   554 |   360 ||  1289
  Dodge: Dodged            |    20 |    62 |   123 |   162 |  1029 |   972 ||  2368
  Block: Kite shield       |       |       |       |       |    24 |   603 ||   627
   Form: Blade             |       |       |       |     1 |     1 |       ||     2
         Serpent           |       |       |       |       |     1 |       ||     1
         Flux              |       |       |       |       |     1 |       ||     1
         Statue            |       |       |       |       |     1 |       ||     1
